 Dungeon Crawl Stone Soup version 0.20-a0-396-gbf3f530 (webtiles) character file.

10425 RumaTero the Grappler (level 11, -7/115 HPs)
             Began as a Troll Monk on Dec 31, 2016.
             Was an Elder of Qazlal.
             Mangled by a komodo dragon (13 damage)
             ... on level 11 of the Dungeon.
             The game lasted 00:21:13 (7911 turns).

RumaTero the Grappler (Troll Monk)                  Turns: 7911, Time: 00:21:14

Health: -7/115     AC:  9    Str: 24    XL:     11   Next: 36%
Magic:  10/10      EV:  1    Int:  6    God:    Qazlal [****..]
Gold:   528        SH:  0    Dex: 12    Spells: 10/10 levels left

rFire  . . .     SeeInvis .       - Unarmed
rCold  + . .     Gourm    +     k - +1 robe {rC+}
rNeg   + + +     Faith    .     (no shield)
rPois  ∞         Spirit   .     M - +2 hat
rElec  .         Reflect  .     Q - +0 cloak
rCorr  .         Harm     .     (gloves unavailable)
MR     .....                    (boots unavailable)
Stlth  +.........               (no amulet)
                                B - ring of positive energy
                                c - ring of flight

@: petrified, studying Fighting, repel missiles
A: unfitting armour, claws 3, fast metabolism 3, gourmand, mutation resistance
1, regeneration 1, shaggy fur 1, tough skin 2
a: Upheaval, Elemental Force, Renounce Religion, Evoke Flight


You were on level 11 of the Dungeon.
You worshipped Qazlal.
Qazlal was greatly pleased with you.
You were very full.

You visited 2 branches of the dungeon, and saw 12 of its levels.

You collected 528 gold pieces.

Inventory:

Armour
 a - a +0 robe
 k - a +1 robe of cold resistance (worn)
 M - a +2 hat (worn)
 Q - a +0 cloak (worn)
Rods
 H - a +0 rod of shadows (9/9)
   (You found it on level 8 of the Dungeon)
Jewellery
 c - a ring of flight (left claw)
 B - a ring of positive energy (right claw)
 P - a +2 amulet of reflection {unknown}
Wands
 g - a wand of flame (30/48)
 u - a wand of slowing (26/48)
 z - a wand of paralysis (7/24)
 S - a wand of flame (24/48)
Scrolls
 e - 3 scrolls of recharging
 f - 3 scrolls of teleportation
 h - 4 scrolls of enchant armour
 m - a scroll of enchant weapon {unknown}
 n - 3 scrolls of remove curse {unknown}
 r - 2 scrolls of fear {unknown}
 s - 2 scrolls of amnesia {unknown}
 x - a scroll of acquirement {unknown}
 C - a scroll of immolation {unknown}
 D - a scroll of holy word {unknown}
 E - 3 scrolls of magic mapping {unknown}
 I - 5 scrolls of identify
 N - a scroll of random uselessness {unknown}
Potions
 d - a potion of heal wounds {unknown}
 i - 2 potions of curing
 j - a potion of cancellation
 l - 2 potions of resistance
 p - a potion of brilliance
 q - a potion of mutation
 t - a potion of lignification {unknown}
 v - 2 potions of flight {unknown}
 F - a potion of magic {unknown}
 G - 2 potions of degeneration {unknown}
 J - a potion of haste {unknown}
Books
 y - a book of Minor Magic

   Spells                             Type                      Level
   a - Magic Dart                     Conjuration                  1
   b - Blink                          Translocation                2
   c - Call Imp                       Summoning                    2
   d - Repel Missiles                 Charms/Air                   2
   e - Slow                           Hexes                        2
   f - Conjure Flame                  Conjuration/Fire             3
   g - Mephitic Cloud                 Conjuration/Poison/Air       3
 K - a book of Changes

   Spells                             Type                      Level
   a - Beastly Appendage              Transmutation                1
   b - Sticks to Snakes               Transmutation                2
   c - Spider Form                    Transmutation/Poison         3
   d - Ice Form                       Ice/Transmutation            4
   e - Blade Hands                    Transmutation                5
 O - a book of Frost

   Spells                             Type                      Level
   a - Freeze                         Ice                          1
   b - Throw Frost                    Conjuration/Ice              2
   c - Ozocubu's Armour               Charms/Ice                   3
   d - Throw Icicle                   Conjuration/Ice              4
   e - Summon Ice Beast               Ice/Summoning                4
 R - a manual of Fighting
Comestibles
 b - 7 bread rations
 o - 2 royal jellies
 w - a beef jerky
 A - 2 meat rations
 L - 3 chunks of flesh


   Skills:
 + Level 9.0 Fighting
 + Level 5.5 Dodging
 - Level 1.0 Stealth
 * Level 13.6 Unarmed Combat


You had 10 spell levels left.
You didn't know any spells.

Dungeon Overview and Level Annotations

Branches:
Dungeon (11/15)            Temple (1/1) D:7             Orc (0/2) D:11
   Lair: D:8-11

Altars:
Ashenzari
Cheibriados
Dithmenos
Okawaru
Qazlal
Sif Muna
Trog
Uskayaw
Zin
The Shining One

Annotations:
D:9 Grum


Innate Abilities, Weirdness & Mutations

You are too large for most types of armour.
You have claws for hands.
Your metabolism is lightning-fast.
You like to eat raw meat.
Your natural rate of healing is unusually fast.
You are covered in fur. (AC +1)
You have very tough skin. (AC +2)
You are somewhat resistant to further mutation.


Message History

You have turned to stone.
The basilisk bites you.
* * * LOW HITPOINT WARNING * * *
The komodo dragon bites you but does no damage.
The basilisk bites you but does no damage.
The komodo dragon bites you.
* * * LOW HITPOINT WARNING * * *
The basilisk bites you!
* * * LOW HITPOINT WARNING * * *
The komodo dragon bites you!!
* * * LOW HITPOINT WARNING * * *
The basilisk bites you but does no damage.
The komodo dragon bites you but does no damage.
The basilisk gazes at you. You resist with some effort.
The komodo dragon bites you but does no damage.
The basilisk bites you.
* * * LOW HITPOINT WARNING * * *
The komodo dragon bites you!!
You die...

# ##..# #..# ## #..##
######'## .#
##'######### #.......#
.# #...†......#
#.......##### .#
#..........#
#.......#.... .#
#...>......#
#.......'.### ##
############ ###
###########
#####l####.#..####
##...@l....###.#..# ###
##...§###........##.##
###.## ####..##.#
###...(?)....#
..†..###...######
##.##...(....
#####...####
####.#...... #.####
.##.....# ### # ###.. .
########################


You could see a komodo dragon and a basilisk.

Vanquished Creatures
  A centaur warrior (D:10)
  4 two-headed ogres
  Sonja (D:11)
  Pikel (D:7)
  A manticore (D:10)
  Psyche (D:9)
  A komodo dragon (D:11)
  Eustachio (D:5)
  A wraith (D:11)
  A steam dragon (D:10)
  A hungry ghost (D:7)
  An acid dragon (D:11)
  Duvessa (D:7)
  3 slaves (D:7)
  3 orc warriors
  2 ice beasts
  A sky beast (D:10)
  2 black bears
  5 ogres
  2 wolves
  5 phantoms
  A necrophage (D:10)
  A crocodile (D:11)
  3 centaurs
  2 big kobolds
  5 bullfrogs
  A scorpion (D:7)
  Dowan (D:7)
  8 killer bees (D:10)
  3 wights (D:10)
  3 crimson imps
  The ghost of zeroDi the Sneak, a weakling VSAs (D:3)
  A bullfrog zombie (D:10)
  3 jellies
  8 hounds
  3 orc priests
  2 bullfrog skeletons
  6 orc wizards
  An iguana (D:6)
  Terence (D:3)
  Jessica (D:3)
  11 worker ants
  3 hound skeletons
  5 adders
  4 gnolls
  2 shadow imps
  An ooze (D:4)
  2 adder zombies
  An adder skeleton (D:4)
  4 worms
  A dart slug (D:2)
  6 leopard geckos
  28 orcs
  A ball python (D:3)
  4 giant cockroaches
  6 goblins
  2 hobgoblins
  15 jackals
  A quokka (D:9)
  6 bats
  2 frilled lizards (D:1)
  15 kobolds
  A rat (D:3)
215 creatures vanquished.

Vanquished Creatures (others)
  A slave (D:7)
  An orc wizard (D:7)
  2 orcs (D:7)
4 creatures vanquished.

Grand Total: 219 creatures vanquished

Notes
Turn   | Place    | Note
-------+----------+-------------------------------------------
     0 | D:1      | RumaTero the Troll Monk began the quest for the Orb.
     0 | D:1      | Reached XP level 1. HP: 22/22 MP: 0/0
   408 | D:1      | Reached XP level 2. HP: 29/29 MP: 1/1
   743 | D:2      | Found a bloodstained altar of Trog.
   776 | D:2      | Reached XP level 3. HP: 24/36 MP: 2/2
   885 | D:2      | Found a glowing golden altar of the Shining One.
   965 | D:2      | Reached skill level 4 in Unarmed Combat
  1467 | D:3      | Noticed Jessica
  1471 | D:3      | You fall through a shaft for 2 floors!
  1471 | D:5      | Entered Level 5 of the Dungeon
  1472 | D:5      | Noticed an ice beast
  1514 | D:4      | Killed an ice beast
  1514 | D:4      | Reached skill level 5 in Unarmed Combat
  1514 | D:4      | Reached XP level 4. HP: 17/45 MP: 3/3
  1514 | D:4      | Reached XP level 5. HP: 20/53 MP: 4/4
  1808 | D:4      | Noticed a phantom
  1841 | D:4      | Killed a phantom
  1841 | D:4      | Reached skill level 6 in Unarmed Combat
  1841 | D:4      | Reached XP level 6. HP: 62/62 MP: 5/5
  1861 | D:3      | Noticed Terence
  1868 | D:3      | Killed Terence
  1881 | D:3      | Noticed zeroDi's ghost (weakling VSAs)
  1898 | D:3      | Killed zeroDi's ghost
  1975 | D:3      | Killed Jessica
  2630 | D:4      | Found a deep blue altar of Sif Muna.
  2666 | D:5      | Reached XP level 7. HP: 67/70 MP: 6/6
  2966 | D:5      | Reached skill level 7 in Unarmed Combat
  3555 | D:5      | Noticed Eustachio
  3571 | D:5      | Killed Eustachio
  3571 | D:5      | Reached skill level 5 in Fighting
  3571 | D:5      | Reached skill level 8 in Unarmed Combat
  3571 | D:5      | Reached XP level 8. HP: 60/80 MP: 7/7
  3578 | D:5      | Found a glowing silver altar of Zin.
  3941 | D:6      | Found a hide-covered altar of Uskayaw.
  4056 | D:6      | Found a shattered altar of Ashenzari.
  4115 | D:6      | Reached skill level 9 in Unarmed Combat
  4146 | D:6      | Found a snail-covered altar of Cheibriados.
  4644 | D:7      | Gained mutation: You are somewhat resistant to further mutation. [potion of beneficial mutation]
  4656 | D:7      | Noticed Pikel
  4704 | D:7      | Killed Pikel
  4704 | D:7      | Reached skill level 10 in Unarmed Combat
  4704 | D:7      | Reached XP level 9. HP: 19/89 MP: 8/8
  4857 | D:7      | Noticed Dowan
  4860 | D:7      | Noticed Duvessa
  4876 | D:7      | Killed Dowan
  5084 | D:7      | Killed Duvessa
  5229 | D:7      | Found a staircase to the Ecumenical Temple.
  5239 | Temple   | Entered the Ecumenical Temple
  5242 | Temple   | Became a worshipper of Qazlal Stormbringer
  5242 | Temple   | Reached * piety under Qazlal
  5242 | Temple   | Reached ** piety under Qazlal
  5341 | D:8      | Noticed a two-headed ogre
  5351 | D:8      | Killed a two-headed ogre
  5351 | D:8      | Reached skill level 11 in Unarmed Combat
  5692 | D:8      | Noticed a two-headed ogre
  5697 | D:8      | Killed a two-headed ogre
  5697 | D:8      | Reached XP level 10. HP: 68/102 MP: 9/9
  5951 | D:8      | Reached skill level 12 in Unarmed Combat
  5967 | D:9      | Noticed Psyche
  5980 | D:9      | Killed Psyche
  6012 | D:9      | Found an iron altar of Okawaru.
  6217 | D:9      | Noticed Grum
  6249 | D:10     | Entered Level 10 of the Dungeon
  6390 | D:10     | Noticed a manticore
  6393 | D:10     | Killed a manticore
  6393 | D:10     | Reached *** piety under Qazlal
  6682 | D:10     | Noticed a centaur warrior
  6706 | D:10     | HP: 3/104 [orc/short sword (7)]
  6711 | D:10     | Killed a centaur warrior
  6950 | D:10     | Reached skill level 13 in Unarmed Combat
  6959 | D:10     | Noticed a rakshasa
  7061 | D:10     | Noticed a two-headed ogre
  7078 | D:10     | Killed a two-headed ogre
  7078 | D:10     | Reached XP level 11. HP: 51/113 MP: 10/10
  7279 | D:11     | Noticed a two-headed ogre
  7285 | D:11     | Killed a two-headed ogre
  7285 | D:11     | Reached skill level 5 in Dodging
  7381 | D:11     | Noticed Sonja
  7391 | D:11     | Killed Sonja
  7545 | D:11     | Found a staircase to the Orcish Mines.
  7598 | D:11     | Reached **** piety under Qazlal
  7911 | D:11     | Mangled by a komodo dragon

Vault maps used:
D:1:      minmay_arrival_stone_box, serial_forest,
          infiniplex_forest_lined_4_way, infiniplex_forest_end_double,
          infiniplex_forest_lined_corner, infiniplex_forest_clump_medium,
          infiniplex_forest_lined_room_3, infiniplex_forest_clump_small,
          infiniplex_forest_clump_double, minmay_misc_feat_x,
          roderic_bipointed_swastika
D:2:      lemuel_crystal_altar, old_standard_altar
D:3:      first_bread, cheibrodos_gnoll_hut, uniq_terence, uniq_jessica
D:4:      kennysheep_mini_moat, corexii_leaking_fountain
D:5:      zin_statuary, uniq_eustachio
D:6:      eat_drink_and_be_merry_uskayaw, ashenzari_altar_1,
          nicolae_overflow_crystal_walls
D:7:      uniq_pikel, uniq_duvessa
D:9:      minmay_goldmine, doesnt_xom_only_xom, lemuel_doored_altar,
          uniq_psyche, uniq_grum
D:10:     hangedman_cross_veins
D:11:     erik_lair_dragon, orc_0_dummy, uniq_sonja
Temple:   nicolae_temple_hex_pool

Skill      XL: |  1  2  3  4  5  6  7  8  9 10 11 |
---------------+----------------------------------+-----
Unarmed Combat | 5 6 8 10 11 13 | 13.6
Fighting       | 3 4 5 6 7 8 9 |  9.0
Dodging        | 3 4 5 |  5.5
Stealth        | |  1.0

Action                   |  1- 3 |  4- 6 |  7- 9 | 10-12 || total
-------------------------+-------+-------+-------+-------++-------
Melee: Unarmed           |    89 |   105 |   273 |   230 ||   697
       Punch             |       |       |     6 |    11 ||    17
Evoke: Wand              |       |       |     1 |     3 ||     4
  Use: Scroll            |       |       |     7 |     3 ||    10
       Potion            |       |       |     3 |     6 ||     9
 Stab: Sleeping          |     3 |       |     1 |       ||     4
       Paralysed         |       |       |       |     2 ||     2
  Eat: Chunk             |    12 |    10 |    31 |    24 ||    77
       Bread ration      |     1 |       |       |       ||     1
Armor: Robe              |    62 |    24 |    56 |    56 ||   198
Dodge: Dodged            |    68 |    45 |    92 |   121 ||   326
       Deflected         |       |       |       |     1 ||     1
Block: Other             |       |       |     4 |    36 ||    40
